 Dungeon Crawl Stone Soup version 0.30-a0-339-g89bb51ec76 (webtiles) character file.

Game seed: 7865830397998128575

800 KarmaKiller the Sneak (level 7, -3/58 HPs)
             Began as a Ghoul Brigand on Oct 31, 2022.
             Slain by Edmund
             ... wielding a +1 dire flail of holy wrath
              (4 damage)
             ... on level 5 of the Dungeon.
             The game lasted 00:36:30 (5751 turns).

KarmaKiller the Sneak (Ghoul Brigand)               Turns: 5751, Time: 00:36:30

Health: -3/58      AC:  6    Str: 21    XL:     7   Next: 90%
Magic:  6/6        EV: 15    Int:  6    God:
Gold:   294        SH:  0    Dex: 12    Spells: 6/6 levels left

rFire   . . .      SeeInvis .    s - +0 long sword (vorpal)
rCold   + . .      Faith    .    (no shield)
rNeg    + + +      Spirit   .    u - +0 ring mail
rPois   ∞          Reflect  .    (no helmet)
rElec   .          Harm     .    c - +0 cloak
rCorr   .          Rampage  .    (no gloves)
Will    .....                    (no boots)
Stlth   ++........               y - amulet of regeneration
HPRegen 0.00/turn                E - +4 ring of evasion
MPRegen 0.10/turn                B - +6 ring of strength

@: inhibited regen
A: claws 1, cold resistance 1, negative energy resistance 3, inhibited
regeneration, torment resistance 2, devour on kill
a: no special abilities


You were on level 5 of the Dungeon.
You visited 1 branch of the dungeon, and saw 5 of its levels.

You collected 366 gold pieces.
You spent 72 gold pieces at shops.

Inventory:

Hand Weapons
 a - a +2 dagger
 d - a +1 dagger of protection
 f - a +0 short sword
 s - a +0 vorpal long sword (weapon)
Missiles
 e - a curare-tipped dart
 h - 3 poisoned darts (quivered)
Armour
 b - a +0 robe
 c - a +0 cloak (worn)
 u - a +0 ring mail (worn)
 A - a +0 leather armour
Magical Staves
 j - a staff of death
Jewellery
 q - a ring of willpower
 y - an amulet of regeneration (around neck)
 B - a +6 ring of strength (right claw)
 E - a +4 ring of evasion (left claw)
 F - a ring of protection from cold
Wands
 v - a wand of quicksilver (11)
Scrolls
 l - 9 scrolls of identify {unknown}
 n - a scroll of blinking {unknown}
 p - 2 scrolls of immolation
 r - 2 scrolls of poison {unknown}
 t - a scroll of enchant armour {unknown}
 x - 2 scrolls of teleportation
 G - 2 scrolls of vulnerability {unknown}
 H - a scroll of noise {unknown}
Potions
 g - a potion of might {unknown}
 i - a potion of experience {unknown}
 k - a potion of invisibility {unknown}
 m - 6 potions of curing {unknown}
 o - a potion of resistance {unknown}
 w - a potion of haste {unknown}
 z - a potion of flight {unknown}
 C - 2 potions of brilliance {unknown}
 D - a potion of attraction {unknown}


   Skills:
 + Level 3.7 Fighting
 + Level 2.3(3.5) Short Blades
 + Level 4.1(4.4) Long Blades
 + Level 2.7 Throwing
 + Level 3.2 Armour
 + Level 2.5 Dodging
 + Level 5.7 Stealth


You had 6 spell levels left.
You didn't know any spells.
Your spell library contained the following spells:

 Spells                   Type           Power      Damage    Failure   Level
 Gell's Gravitas          Tloc           0%         N/A       94%         3
 Teleport Other           Tloc           0%         N/A       94%         3
 Dispersal                Tloc           0%         N/A       100%        6


Dungeon Overview and Level Annotations

Branches:
Dungeon (5/15)             Temple (0/1) D:4

Altars:
Dithmenos
Fedhas
Hepliaklqana
Qazlal

Shops:
D:2 (   D:5 (

Annotations:
D:2 Sigmund, Terence
D:5 Edmund


Innate Abilities, Weirdness & Mutations

You are immune to poison.
You have sharp fingernails.
Your flesh is cold resistant. (rC+)
You are immune to negative energy. (rN+++)
You do not regenerate when monsters are visible.
You are immune to unholy pain and torment.
You thrive by killing the living.


Message History

You hit Edmund but do no damage.
Edmund is lightly wounded.
Edmund hits you with a +1 dire flail of holy wrath.
You convulse.
You barely miss Edmund.
Edmund is lightly wounded.
Edmund closely misses you.
You hit Edmund.
Edmund is lightly wounded.
Edmund closely misses you.
You hit Edmund.
Edmund is moderately wounded.
Edmund misses you.
You closely miss Edmund.
Edmund is moderately wounded.
Edmund misses you.
You hit Edmund.
Edmund is heavily wounded.
Edmund hits you with a +1 dire flail of holy wrath!
You convulse!
* * * LOW HITPOINT WARNING * * *
Edmund closely misses you.
You barely miss Edmund.
Edmund is heavily wounded.
Edmund hits you with a +1 dire flail of holy wrath!
* * * LOW HITPOINT WARNING * * *
You convulse.
* * * LOW HITPOINT WARNING * * *
You hit Edmund.
Edmund is heavily wounded.
Edmund barely misses you.
You closely miss Edmund.
Edmund is heavily wounded.
Edmund completely misses you.
You hit Edmund.
Edmund is heavily wounded.
Edmund hits you with a +1 dire flail of holy wrath.
* * * LOW HITPOINT WARNING * * *
You convulse.
You die...

# #.#### #..@@# # ####.#
# #.#### ##+##### #>...##
#....... #.....##
#.......
##########....####....)..
#......# ##.#............
#..†...# #..###.........
#.<....# ##.# #.#.......


You could see Edmund.

Vanquished Creatures
  Menkaure (D:5)
  An ice beast (D:5)
  An ogre (D:4)
  A phantom (D:5)
  A scorpion (D:5)
  A howler monkey (D:4)
  2 hounds
  An orc priest (D:3)
  2 iguanas
  An orc wizard (D:3)
  8 adders
  An ufetubus (D:5)
  2 worms
  3 dart slugs
  11 orcs
  5 bats
  6 endoplasms
  2 giant cockroaches
  9 goblins
  6 hobgoblins
  3 quokkas
  6 ball pythons
  5 frilled lizards
  7 kobolds
  6 rats
  4 bushes (D:4)
96 creatures vanquished.

Vanquished Creatures (others)
  4 plants (D:4)
4 creatures vanquished.

Grand Total: 100 creatures vanquished

Notes
Turn   | Place    | Note
-------+----------+-------------------------------------------
     0 | D:1      | KarmaKiller the Ghoul Brigand began the quest for the Orb.
     0 | D:1      | Reached XP level 1. HP: 17/17 MP: 0/0
   350 | D:1      | Reached XP level 2. HP: 25/25 MP: 1/1
   726 | D:1      | Reached skill level 5 in Stealth
   813 | D:1      | Reached XP level 3. HP: 30/30 MP: 2/2
   939 | D:1      | Reached skill level 1 in Dodging
  1454 | D:2      | Found Hotadghi's Weapon Shoppe.
  1578 | D:2      | Noticed Terence
  1708 | D:2      | Noticed Sigmund
  1809 | D:2      | Bought a +0 vorpal long sword for 72 gold pieces
  2036 | D:2      | Reached XP level 4. HP: 37/37 MP: 3/3
  2473 | D:3      | Found a faded altar of an unknown god.
  2698 | D:3      | Reached skill level 1 in Long Blades
  2698 | D:3      | Reached XP level 5. HP: 6/42 MP: 4/4
  2954 | D:3      | Found a stormy altar of Qazlal.
  2954 | D:3      | Found a blossoming altar of Fedhas.
  2975 | D:3      | Found a shadowy altar of Dithmenos.
  3469 | D:4      | Reached skill level 1 in Armour
  3475 | D:4      | Noticed an ogre
  3487 | D:4      | Killed an ogre
  3488 | D:4      | Reached XP level 6. HP: 42/51 MP: 5/5
  4907 | D:4      | Found a staircase to the Ecumenical Temple.
  4940 | D:5      | Entered Level 5 of the Dungeon
  5004 | D:5      | Reached XP level 7. HP: 33/57 MP: 6/6
  5077 | D:5      | Found Ziotal's Weapon Shop.
  5194 | D:5      | Noticed Menkaure
  5216 | D:5      | Killed Menkaure
  5490 | D:5      | Found a hazy altar of Hepliaklqana.
  5736 | D:5      | Noticed Edmund
  5751 | D:5      | HP: 1/58 [Edmund/+1 dire flail of holy wrath (4)]
  5751 | D:5      | Slain by Edmund

Illustrated notes

Levels and vault maps discovered:
D:1:      psy_arrival_statuary, layout_basic, serial_curves, eino_curves_03,
          eino_curves_03, minmay_close_crescents
D:2:      layout_loops_ring, serial_aquarium, aquarium_bridge_square
          [aquarium_subvault_wall, aquarium_subvault_bridge,
          aquarium_subvault_bridge, aquarium_subvault_window],
          aquarium_bridge_square [aquarium_subvault_window,
          aquarium_subvault_wall, aquarium_subvault_bridge,
          aquarium_subvault_bridge], aquarium_window_corner, aquarium_window_2,
          aquarium_window_1, aquarium_view_2c, aquarium_balcony_3a,
          aquarium_pool_corner, serial_shops, nicolae_shop_trees, uniq_sigmund,
          uniq_terence
D:3:      layout_rooms, lemuel_doored_altar,
          grunt_temple_overflow_forces_of_nature,
          hellmonk_ecumenical_altar_blasted
D:4:      layout_layer_cave, temple_hall, serial_forest,
          infiniplex_forest_end_3, infiniplex_forest_clump_small,
          infiniplex_forest_end_double, infiniplex_forest_straight_2,
          infiniplex_forest_lined_room_3
D:5:      layout_basic, nicolae_hepliaklqana_hippocampus, serial_shops,
          kennysheep_mini_moat, uniq_edmund, uniq_menkaure

Skill      XL: |  1  2  3  4  5  6  7 |
---------------+----------------------+-----
Throwing       | 2 |  2.7
Stealth        | 5 |  5.7
Short Blades   | 2 |  2.3
Dodging        | 1 2 |  2.5
Long Blades    | 1 2 3 4 |  4.1
Fighting       | 3 |  3.7
Armour         | 1 2 3 |  3.2

Action                   |  1- 3 |  4- 6 |  7- 9 || total
-------------------------+-------+-------+-------++-------
Melee: Dagger            |    87 |       |       ||    87
       Long sword        |    19 |   361 |    91 ||   471
       Punch             |       |     6 |     1 ||     7
Throw: Dart              |    18 |    14 |     8 ||    40
  Use: Scroll            |     1 |     1 |       ||     2
 Stab: Sleeping          |     9 |     2 |     1 ||    12
Armor: Robe              |    18 |     4 |       ||    22
       Ring mail         |       |    57 |    33 ||    90
Dodge: Dodged            |    55 |    99 |    71 ||   225

Table legend: (Time is in decaauts)
 A = Elapsed time spent in this place.
 B = Non-inter-level travel time spent in this place.
 C = Inter-level travel time spent in this place.
 D = Time resting spent in this place.
 E = Time spent auto-exploring this place.
 F = Levels seen in this place.
 G = Mean time per level.
                   A        B        C        D        E       F      G
               +--------+--------+--------+--------+--------+-----+--------+
         Total |   5852 |   5852 |      0 |    425 |      0 |   5 | 1170.4 |
       Dungeon |   5852 |   5852 |      0 |    425 |      0 |   5 | 1170.4 |
               +--------+--------+--------+--------+--------+-----+--------+

Top non-repeatable levels by time:
     D:1: 1620 daAuts
     D:4: 1620 daAuts
     D:3: 976 daAuts
     D:2: 844 daAuts
     D:5: 790 daAuts
